 Dungeon Crawl Stone Soup version 0.23.2-33-g5129a83184 (webtiles) character file.

Game seed: 8560224790901590277

1906 Exodus22XD the Magician (level 8, -3/45 HPs)
             Began as a Deep Elf Wizard on June 29, 2019.
             Was an Initiate of Vehumet.
             Killed by divine providence
             ... invoked by an orc priest
              (14 damage)
             ... on level 8 of the Dungeon.
             The game lasted 00:49:14 (8059 turns).

Exodus22XD the Magician (Deep Elf Wizard)           Turns: 8059, Time: 00:49:18

Health: -3/45      AC:  7    Str:  2    XL:     8   Next: 94%
Magic:  13/21      EV: 13    Int: 26    God:    Vehumet [......]
Gold:   290        SH:  0    Dex: 17    Spells: 11/22 levels left

rFire    . . .     SeeInvis .   n - +2 short sword (venom)
rCold    . . .     Gourm    .   (no shield)
rNeg     . . .     Faith    .   a - +0 robe
rPois    .         Spirit   .   b - +0 hat
rElec    .         Reflect  .   u - +2 cloak
rCorr    .         Harm     .   o - +0 pair of gloves
MR       .....                  r - +0 pair of boots
Stlth    ++........             (no amulet)
HPRegen  0.15/turn              (no ring)
MPRegen  0.17/turn              m - +4 ring of dexterity

@: no status effects
A: robust 1, weak 1
a: Renounce Religion


You were on level 8 of the Dungeon.
You worshipped Vehumet.
Vehumet was noncommittal.
You were not hungry.

You visited 2 branches of the dungeon, and saw 9 of its levels.

You collected 290 gold pieces.

Inventory:

Hand Weapons
 n - a +2 short sword of venom (weapon)
Armour
 a - a +0 robe (worn)
 b - a +0 hat (worn)
 o - a +0 pair of gloves (worn)
 r - a +0 pair of boots (worn)
 u - a +2 cloak (worn)
Jewellery
 m - a +4 ring of dexterity (right hand)
Wands
 g - a wand of enslavement (11)
Scrolls
 e - 4 scrolls of remove curse
 h - 2 scrolls of enchant weapon
 k - 4 scrolls of teleportation
 p - 3 scrolls of identify
Potions
 c - a potion of agility
 f - a potion of might
 i - 4 potions of curing
 j - 4 potions of heal wounds
 q - a potion of lignification
 t - a potion of flight {unknown}
Comestibles
 d - 12 rations


   Skills:
 - Level 2.4 Dodging
 - Level 2.4 Stealth
 - Level 7.5 Spellcasting
 + Level 7.4 Conjurations
 - Level 5.0 Summonings
 - Level 2.0 Translocations
 - Level 6.0 Fire Magic
 - Level 3.3 Poison Magic


You had 11 spell levels left.
You knew the following spells:

 Your Spells              Type           Power        Failure   Level  Hunger
a - Magic Dart            Conj           ####         1%          1    None
b - Call Imp              Summ           #####...     1%          2    None
c - Blink                 Tloc           N/A          3%          2    None
d - Conjure Flame         Conj/Fire      #####...     1%          3    None
e - Mephitic Cloud        Conj/Pois/Air  ####....     4%          3    None

Your spell library contained the following spells:

 Spells                   Type           Power        Failure   Level  Hunger
 Slow                     Hex            #.......     9%          2    None


Dungeon Overview and Level Annotations

Branches:
Dungeon (8/15)             Temple (1/1) D:7
   Lair: D:8-11

Altars:
Ashenzari
Cheibriados
Dithmenos
Elyvilon
Gozag
Hepliaklqana
Kikubaaqudgha
Makhleb
Nemelex Xobeh
Okawaru
Qazlal
Ru
Sif Muna
Trog
Uskayaw
Vehumet
Wu Jian
Xom
Yredelemnul
Zin
The Shining One

Annotations:
D:5 2 transporters, Mrkan's ghost, novice GrMo
D:7 2 transporters, Kobolds4U's ghost, novice MiFi


Innate Abilities, Weirdness & Mutations

You are robust. (+10% HP)
You are weak. (Str -2)


Message History

The warg dies!
Vehumet accepts your kill.
The orc priest calls down the wrath of Beogh upon you.
Beogh smites you!
The orc priest hits your crimson imp but does no damage.
Your white imp barely misses the orc priest.
Your crimson imp hits the orc priest.
Your crimson imp hits the warg.
Your white imp gestures at the orc priest.
The puff of frost misses the orc priest.
The orc priest calls down the wrath of Beogh upon you.
Pain shoots through your body!
Your crimson imp hits the orc priest.
There is a stone staircase leading up here.
Something barely misses your crimson imp.
The warg bites you!
* * * LOW HITPOINT WARNING * * *
Your crimson imp hits the orc but does no damage.
The orc priest calls down the wrath of Beogh upon you.
Beogh smites you!
You die...

#.........#.##
####.........##
#.............# .
#.....^....†.### ..
#..........)...#..#
#......5..........#
##....55o..........
!........oh.........
.o....$...##@........
.....#....###.........
....###...# ..........


oP.. #....##......... #.... #....##... ..# .....# ... .##.## .# . .# You could
see a warg, an orc priest, an orc, 2 friendly crimson imps and a friendly white
imp.

Vanquished Creatures
  Grinder (D:5)
  A hippogriff (D:7)
  A sky beast (D:7)
  A phantom (D:5)
  An ogre (D:7)
  A crimson imp (D:5)
  2 hounds
  A centaur skeleton (D:7)
  A jelly (D:6)
  An orc priest (D:3)
  3 orc wizards (D:4)
  4 worker ants
  6 adders
  3 gnolls (D:4)
  An adder skeleton (D:5)
  2 worms
  2 dart slugs (D:1)
  A leopard gecko (D:6)
  10 orcs
  4 giant cockroaches
  7 goblins
  6 hobgoblins
  2 quokkas
  3 ball pythons
  8 bats
  5 frilled lizards
  A giant cockroach zombie (D:5)
  A jackal skeleton (D:5)
  6 kobolds
  7 rats
93 creatures vanquished.

Vanquished Creatures (collateral kills)
  A hippogriff (D:7)
  A spriggan (D:7)
  A warg (D:8)
  A black bear (D:7)
  An ogre (D:5)
  A sky beast (D:5)
  A phantom (D:4)
  A bullfrog (D:6)
  A scorpion (D:7)
  A howler monkey (D:7)
  A crimson imp (D:7)
  A bullfrog zombie (D:5)
  An orc priest (D:3)
  2 orc wizards (D:3)
  3 gnolls (D:5)
  5 adders
  A shadow imp (D:7)
  An adder skeleton (D:4)
  A worm (D:2)
  A leopard gecko (D:7)
  8 orcs
  A goblin (D:3)
  A hobgoblin (D:3)
  A quokka (D:7)
  2 rats (D:2)
40 creatures vanquished.

Grand Total: 133 creatures vanquished

Notes
Turn   | Place    | Note
-------+----------+-------------------------------------------
     0 | D:1      | Exodus22XD the Deep Elf Wizard began the quest for the Orb.
     0 | D:1      | Reached XP level 1. HP: 10/10 MP: 7/7
   446 | D:1      | Reached XP level 2. HP: 15/15 MP: 7/9
   451 | D:1      | Learned a level 2 spell: Call Imp
  1195 | D:2      | Reached XP level 3. HP: 19/19 MP: 0/10
  1310 | D:2      | Learned a level 2 spell: Blink
  1579 | D:2      | Noticed a moth of wrath
  1582 | D:2      | Found a bloodstained altar of Trog.
  2813 | D:3      | Reached XP level 4. HP: 24/24 MP: 7/12
  2818 | D:3      | Learned a level 3 spell: Conjure Flame
  2980 | D:3      | Reached XP level 5. HP: 27/28 MP: 8/13
  3542 | D:3      | Learned a level 3 spell: Mephitic Cloud
  3799 | D:4      | Noticed a phantom
  3806 | D:4      | Reached skill level 5 in Spellcasting
  3911 | D:4      | Killed a phantom
  3911 | D:4      | Reached skill level 1 in Poison Magic
  3911 | D:4      | Reached XP level 6. HP: 32/32 MP: 1/15
  4570 | D:5      | Entered Level 5 of the Dungeon
  4711 | D:5      | Reached XP level 7. HP: 27/36 MP: 0/16
  4721 | D:5      | Found a transporter.
  4722 | D:5      | Noticed Mrkan's ghost (novice GrMo)
  4722 | D:5      | Identified the +10 great mace of Haozxamopn {freeze, rPois
                  | rN+ Int-3}
  4840 | D:5      | Found a transporter.
  4893 | D:5      | Found a hazy altar of Hepliaklqana.
  4919 | D:5      | Found a snail-covered altar of Cheibriados.
  5039 | D:5      | Reached skill level 5 in Conjurations
  5124 | D:5      | Found a basalt altar of Yredelemnul.
  5465 | D:5      | Noticed Grinder
  5474 | D:5      | Paralysed by Grinder for 7 turns
  5502 | D:5      | Killed Grinder
  5637 | D:5      | Found a white marble altar of Elyvilon.
  6010 | D:6      | Found a shadowy altar of Dithmenos.
  6039 | D:6      | Reached XP level 8. HP: 41/41 MP: 11/21
  6743 | D:7      | Noticed a hippogriff
  6779 | D:7      | Killed a hippogriff
  6779 | D:7      | Reached skill level 5 in Fire Magic
  7064 | D:7      | Noticed a hornet
  7175 | D:7      | Found a transporter.
  7179 | D:7      | Found a transporter.
  7179 | D:7      | Noticed a queen bee
  7179 | D:7      | Noticed Kobolds4U's ghost (novice MiFi)
  7191 | D:7      | Noticed a hippogriff
  7201 | D:7      | Killed a hippogriff
  7207 | D:7      | Reached skill level 5 in Summonings
  7282 | D:7      | Found a staircase to the Ecumenical Temple.
  7291 | Temple   | Entered the Ecumenical Temple
  7431 | Temple   | Became a worshipper of Vehumet
  7805 | D:7      | Found a shattered altar of Ashenzari.
  7865 | D:7      | Gained mutation: You are weak. (Str -2) [potion of
                  | mutation]
  7865 | D:7      | Gained mutation: You are robust. (+10% HP) [potion of
                  | mutation]
  8059 | D:8      | Killed from afar by an orc priest

Skill      XL: |  1  2  3  4  5  6  7  8 |
---------------+-------------------------+-----
Conjurations   | 2 3 4 6 7 |  7.4
Summonings     | 2 5 |  5.0
Translocations | 2 |  2.0
Fire Magic     | 2 3 6 |  6.0
Spellcasting   | 5 7 |  7.5
Poison Magic   | 1 3 |  3.3
Dodging        | |  2.4
Stealth        | |  2.4

Action                   |  1- 3 |  4- 6 |  7- 9 || total
-------------------------+-------+-------+-------++-------
Melee: Hand axe          |       |     4 |       ||     4
 Cast: Magic Dart        |    98 |   126 |   123 ||   347
       Call Imp          |     6 |    25 |    38 ||    69
       Conjure Flame     |       |     7 |     9 ||    16
       Blink             |       |     1 |       ||     1
       Mephitic Cloud    |       |     2 |     3 ||     5
  Use: Scroll            |       |     7 |     8 ||    15
       Potion            |       |       |     1 ||     1
 Stab: Distracted        |       |     1 |       ||     1
  Eat: Chunk             |     2 |       |     1 ||     3
       Ration            |     1 |     2 |     3 ||     6
Armor: Robe              |     1 |     2 |    15 ||    18
Dodge: Dodged            |    18 |    17 |    44 ||    79
